 Dungeon Crawl Stone Soup version 0.18.1-8-gdd0e5ea (webtiles) character file.

16 Freeplumber the Vexing (level 2, -2/14 HPs)
             Began as a Spriggan Arcane Marksman on June 10, 2016.
             Slain by a goblin (3 damage)
             ... on level 1 of the Dungeon.
             The game lasted 00:03:11 (265 turns).

Freeplumber the Vexing (Spriggan Arcane Marksman)    Turns: 265, Time: 00:03:12

Health: -2/14      AC:  2    Str:  6 (7)  XL:     2   Next: 41%
Magic:  5/5        EV: 18    Int: 13 (14) God:
Gold:   17         SH:  0    Dex: 13 (15) Spells: 1 memorised, 2 levels left

rFire  . . .     SeeInvis +     a - +0 hunting sling
rCold  . . .     Gourm    .     b - +0 robe
rNeg   . . .     Faith    .     (shield restricted)
rPois  .         Spirit   .     (helmet restricted)
rElec  .         Dismiss  .     (no cloak)
rCorr  .         Reflect  .     (gloves unavailable)
SustAt .         Harm     .     (boots unavailable)
MR     .....                    (no amulet)
Stlth  +.........               (no ring)
                                (no ring)

@: very quick, not resistant to hostile enchantments, very unstealthy
A: unfitting armour, see invisible, herbivore 3, speed 3, slow metabolism 2
a: no special abilities


You were on level 1 of the Dungeon.
You were not hungry.

You visited 1 branch of the dungeon, and saw 1 of its levels.

You collected 17 gold pieces.

Inventory:

Hand Weapons
 a - a +0 hunting sling (weapon)
 l - a +0 mace
Missiles
 d - 4 sling bullets (quivered)
Armour
 b - a +0 robe (worn)
Jewellery
 k - an uncursed ring of wizardry {unknown}
Scrolls
 e - a scroll of blinking {unknown}
 g - a scroll of immolation {unknown}
 j - 2 scrolls of enchant weapon {unknown}
Potions
 i - a potion of berserk rage {unknown}
Books
 c - a book of Debilitation

   Spells                             Type                      Level
   a - Corona                         Hexes                        1
   b - Slow                           Hexes                        2
   c - Gell's Gravitas                Hexes/Translocation          3
   d - Inner Flame                    Hexes/Fire                   3
   e - Cause Fear                     Hexes                        4
   f - Leda's Liquefaction            Hexes/Earth                  4
Comestibles
 f - a bread ration


   Skills:
 + Level 0.7 Fighting
 + Level 2.8 Slings
 + Level 3.5 Dodging
 + Level 0.4 Stealth
 + Level 1.3 Spellcasting
 + Level 4.1 Hexes


You had 2 spell levels left.
You knew the following spells:

 Your Spells              Type           Power        Failure   Level  Hunger
a - Corona                Hex            ##.....      8%          1    ##.....


Dungeon Overview and Level Annotations

Branches:
Dungeon (1/15)

Altars:
Cheibriados


Innate Abilities, Weirdness & Mutations

You are tiny and cannot use many weapons and most armour.
You have supernaturally acute eyesight.
You are a herbivore.
You cover ground extremely quickly.
You need consume almost no food.


Message History

The sling bullet closely misses the goblin.
The goblin closely misses you.
Firing (i - inventory):
d - 6 sling bullets (quivered)
Press: ? - help, Shift-Dir - straight line, f/p - goblin
Aim: a goblin (heavily wounded)
You shoot a sling bullet.
The sling bullet barely misses the goblin.
The goblin closely misses you.
Firing (i - inventory):
d - 5 sling bullets (quivered)
Press: ? - help, Shift-Dir - straight line, f/p - goblin
Aim: a goblin (heavily wounded)
You shoot a sling bullet.
The sling bullet barely misses the goblin.
The goblin hits you but does no damage.
Drink which item? (? for menu, Esc to quit)
It was a potion of degeneration.
There was something very wrong with that liquid.
You feel weakened.
You feel dopey.
You feel clumsy. The goblin hits you.
You die...

... .## ####.##
#)..## ####
#†#### # #(.
#.#..... #. #.#
#.....## #.##(#
#####.#.
#####..g.###
##.......
.......@...#
#.......#
##########.#
#........
#.#####........
#.....#........
#######.#.......#
................#
........#....^..#
........#.......#
........#########


You could see a goblin.

Vanquished Creatures
  3 goblins (D:1)
  5 hobgoblins (D:1)
  A ball python (D:1)
  3 bats (D:1)
  A giant newt (D:1)
  2 rats (D:1)
15 creatures vanquished.

Notes
Turn   | Place    | Note
--------------------------------------------------------------
     0 | D:1      | Freeplumber the Spriggan Arcane Marksman began the quest for the Orb.
     0 | D:1      | Reached XP level 1. HP: 9/9 MP: 3/3
    20 | D:1      | Found a snail-covered altar of Cheibriados.
   109 | D:1      | Reached skill level 4 in Hexes
   116 | D:1      | Reached XP level 2. HP: 8/14 MP: 5/5
   265 | D:1      | Slain by a goblin

Skill      XL: |  1 |
---------------+----+-----
Hexes          | 4 |  4.1
Fighting       | |  0.7
Slings         | |  2.8
Dodging        | |  3.5
Stealth        | |  0.4
Spellcasting   | |  1.3

Action                   || total
-------------------------++-------
Melee: Hunting sling     ||     3
 Fire: Hunting sling     ||    35
 Cast: Corona            ||     2
  Use: Potion            ||     1
Armor: Robe              ||     2
Dodge: Dodged            ||    33
